 Dungeon Crawl Stone Soup version 0.21.1-1-g345015fe64 (webtiles) character file.

249 Fymir27 the Magician (level 5, 0/42 HPs)
             Began as a Deep Elf Wizard on June 2, 2018.
             Was an Initiate of Sif Muna.
             Killed by divine providence
             ... invoked by an orc priest
              (11 damage)
             ... on level 3 of the Dungeon.
             The game lasted 00:15:45 (2740 turns).

Fymir27 the Magician (Deep Elf Wizard)              Turns: 2740, Time: 00:15:46

Health: 0/42       AC:  6    Str:  9    XL:     5   Next: 86%
Magic:  2/14       EV: 13    Int: 24    God:    Sif Muna [......]
Gold:   130        SH:  0    Dex: 13    Spells: 3/14 levels left

rFire    . . .     SeeInvis .   y - +1 short sword (venom)
rCold    . . .     Gourm    .   (no shield)
rNeg     . . .     Faith    .   a - +0 robe
rPois    .         Spirit   .   b - +0 hat
rElec    .         Reflect  .   (no cloak)
rCorr    .         Harm     .   (no gloves)
MR       .....                  (no boots)
Stlth    ..........             k - amulet of rage
HPRegen  0.14/turn              j - +4 ring of protection
MPRegen  0.14/turn              n - ring of stealth

@: berserking, drained, very quick
A: no striking features
a: Renounce Religion, Evoke Berserk Rage


You were on level 3 of the Dungeon.
You worshipped Sif Muna.
Sif Muna was noncommittal.
You were hungry.

You visited 1 branch of the dungeon, and saw 3 of its levels.

You collected 130 gold pieces.

Inventory:

Hand Weapons
 i - a +0 dagger
 p - a +1 short sword of protection
 v - a +0 hunting sling
 y - a +1 short sword of venom (weapon)
 z - a +0 spear
 A - a +5 dagger
Missiles
 e - 126 stones (quivered)
Armour
 a - a +0 robe (worn)
 b - a +0 hat (worn)
Jewellery
 j - a +4 ring of protection (left hand)
 k - an amulet of rage (around neck)
 n - a ring of stealth (right hand)
Scrolls
 g - a scroll of immolation {unknown}
 h - a scroll of fear {unknown}
 m - 3 scrolls of remove curse
 s - 2 scrolls of amnesia {unknown}
 w - a scroll of magic mapping {unknown}
 x - a scroll of blinking {unknown}
Potions
 f - a potion of magic {unknown}
 l - a potion of might
 o - a potion of brilliance {unknown}
 q - a potion of experience {unknown}
 r - a potion of degeneration {unknown}
 t - a potion of curing {unknown}
Books
 c - a book of Minor Magic

   Spells                             Type                      Level
   a - Magic Dart                     Conjuration                  1
   b - Blink                          Translocation                2
   c - Call Imp                       Summoning                    2
   d - Slow                           Hexes                        2
   e - Conjure Flame                  Conjuration/Fire             3
   f - Mephitic Cloud                 Conjuration/Poison/Air       3
Comestibles
 d - 6 rations
 u - 7 chunks of flesh


   Skills:
 + Level 0.3(0.0) Fighting
 + Level 0.5(0.0) Short Blades
 + Level 3.9(2.9) Dodging
 + Level 4.1(3.1) Stealth
 - Level 5.0(3.9) Spellcasting
 - Level 3.0(2.0) Conjurations
 - Level 2.0(1.0) Summonings
 - Level 1.1(0.2) Translocations
 + Level 1.5(0.5) Fire Magic
 + Level 1.6(0.7) Poison Magic


You had 3 spell levels left.
You knew the following spells:

 Your Spells              Type           Power        Failure   Level  Hunger
a - Magic Dart            Conj           ##..         4%          1    None
b - Call Imp              Summ           #.......     10%         2    #......
c - Blink                 Tloc           N/A          14%         2    #......
d - Conjure Flame         Conj/Fire      ##......     17%         3    ##.....
e - Mephitic Cloud        Conj/Pois/Air  #.......     21%         3    ##.....


Dungeon Overview and Level Annotations

Branches:
Dungeon (3/15)

Altars:
Ashenzari
Dithmenos
Sif Muna


Message History

The orc hits you but does no damage. x2; You feel drained.
The orc closely misses you.
A kobold comes into view. It is wielding a dagger.
You barely miss the orc.
The orc is severely wounded.
You hit the orc.
You kill the orc!
Sif Muna accepts your kill. The orc barely misses you.
The orc completely misses you.
Your crimson imp hits the orc.
You puncture the orc!
You kill the orc!
Sif Muna accepts your kill.
The orc hits you with a short sword of draining.
* * * LOW HITPOINT WARNING * * *
You feel drained.
* * * LOW HITPOINT WARNING * * *
The orc priest invokes the aid of Beogh against you.
Beogh smites you!
You die...

#............... .)
################ ... ...
### ..## .. .. ... ##.#
.# #.##.. ###.# .
###..#.# #...#
..K$#.o).## #..#
#.o.5@)†# #.#######
#...###)## #........
#....(.##§$# #..######
#..###..##o#####..######
........................
! .......>...#..........
###...........##...###
###............###....
#................####.


You could see an orc priest, an orc, a kobold and a friendly crimson imp.

Vanquished Creatures
  A black bear (D:2)
  An orc wizard (D:3)
  Natasha (twice) (D:2)
  A gnoll (D:1)
  An adder (D:3)
  An ooze (D:1)
  A worm (D:3)
  A leopard gecko (D:3)
  5 orcs (D:3)
  A ball python (D:1)
  A giant cockroach (D:2)
  3 hobgoblins
  8 jackals
  A quokka (D:3)
  7 bats
  3 frilled lizards
  6 goblins
  6 kobolds
  7 rats
57 creatures vanquished.

Vanquished Creatures (collateral kills)
  Natasha (D:2)
  2 adders (D:2)
  A worm (D:2)
  A hobgoblin (D:2)
  A jackal (D:3)
6 creatures vanquished.

Grand Total: 63 creatures vanquished

Notes
Turn   | Place    | Note
-------+----------+-------------------------------------------
     0 | D:1      | Fymir27 the Deep Elf Wizard began the quest for the Orb.
     0 | D:1      | Reached XP level 1. HP: 10/10 MP: 7/7
   309 | D:1      | Reached XP level 2. HP: 15/15 MP: 4/9
   315 | D:1      | Learned a level 2 spell: Call Imp
   318 | D:1      | Learned a level 2 spell: Blink
  1033 | D:1      | Reached XP level 3. HP: 12/19 MP: 11/11
  1495 | D:2      | Noticed Natasha
  1505 | D:2      | Killed Natasha
  1505 | D:2      | Reached skill level 5 in Spellcasting
  1727 | D:2      | Learned a level 3 spell: Conjure Flame
  1731 | D:2      | Learned a level 3 spell: Mephitic Cloud
  1784 | D:2      | Reached XP level 4. HP: 24/24 MP: 5/13
  1884 | D:2      | Found a shadowy altar of Dithmenos.
  1890 | D:2      | Noticed Natasha
  1895 | D:2      | Killed Natasha
  1924 | D:2      | Noticed a black bear
  1940 | D:2      | Killed a black bear
  1940 | D:2      | Reached skill level 1 in Fire Magic
  1940 | D:2      | Reached skill level 1 in Poison Magic
  1940 | D:2      | Reached XP level 5. HP: 28/28 MP: 1/14
  2045 | D:2      | Noticed Natasha
  2058 | D:2      | Killed Natasha
  2518 | D:3      | Found a shattered altar of Ashenzari.
  2539 | D:3      | Found a deep blue altar of Sif Muna.
  2553 | D:3      | Became a worshipper of Sif Muna the Loreminder
  2740 | D:3      | Killed from afar by an orc priest

Skill      XL: |  1  2  3  4  5 |
---------------+----------------+-----
Stealth        | 3 4 |  4.1
Dodging        | 3 |  3.9
Spellcasting   | 5 |  5.0
Conjurations   | 2 3 |  3.0
Summonings     | 2 |  2.0
Fire Magic     | 1 |  1.5
Poison Magic   | 1 |  1.6
Fighting       | |  0.3
Short Blades   | |  0.5
Translocations | |  1.1

Action                   |  1- 3 |  4- 6 || total
-------------------------+-------+-------++-------
Melee: Dagger            |    17 |       ||    17
       Short sword       |     2 |    28 ||    30
       Spear             |       |     7 ||     7
 Cast: Magic Dart        |    48 |    51 ||    99
       Call Imp          |     5 |    16 ||    21
       Conjure Flame     |       |     2 ||     2
 Abil: Evoke Berserk Rag |     3 |     3 ||     6
  Use: Scroll            |     1 |     3 ||     4
       Potion            |     1 |       ||     1
 Stab: Sleeping          |     2 |     3 ||     5
       Distracted        |       |     1 ||     1
  Eat: Chunk             |     5 |     5 ||    10
Armor: Robe              |     6 |    11 ||    17
Dodge: Dodged            |    15 |    34 ||    49
